 Dungeon Crawl Stone Soup version 0.21.1-1-g345015fe64 (webtiles) character file.

5072 Froggeryz the Basher (level 10, -1/83 HPs)
             Began as a Hill Orc Fighter on May 10, 2018.
             Was a High Priest of Cheibriados.
             Slain by a slime creature (18 damage)
             ... on level 8 of the Dungeon.
             The game lasted 00:20:31 (7080 turns).

Froggeryz the Basher (Hill Orc Fighter)             Turns: 7080, Time: 00:20:32

Health: -1/83      AC:  9    Str: 32    XL:     10   Next: 56%
Magic:  13/13      EV:  9    Int: 22    God:    Cheibriados [*****.]
Gold:   391        SH: 14    Dex: 23    Spells: 9/9 levels left

rFire    . . .     SeeInvis .   I - +0 flail
rCold    . . .     Gourm    .   c - +0 shield
rNeg     . . .     Faith    .   b - +0 scale mail
rPois    .         Spirit   .   (no helmet)
rElec    .         Reflect  .   (no cloak)
rCorr    +         Harm     .   h - +0 pair of gloves
MR       .....                  G - +0 pair of boots
Stlth    +.........             (no amulet)
HPRegen  0.23/turn              o - ring of resist corrosion
MPRegen  0.13/turn              n - ring of flight

@: very slow
A: no striking features
a: Bend Time, Temporal Distortion, Slouch, Step From Time, Renounce Religion,
Evoke Flight


You were on level 8 of the Dungeon.
You worshipped Cheibriados.
Cheibriados was extremely pleased with you.
You were not hungry.

You visited 1 branch of the dungeon, and saw 9 of its levels.
You also visited: Sewer.

You collected 391 gold pieces.

Inventory:

Hand Weapons
 d - a +1 great mace
 u - a +1 whip of venom
 I - a +0 flail (weapon)
 J - a +0 dire flail
Armour
 b - a +0 scale mail (worn)
 c - a +0 shield (worn)
 h - a +0 pair of gloves (worn)
 z - the cursed +1 chain mail "Caapi" {+Blink rF+ MR- Dex+4}
   (You found it on level 4 of the Dungeon)

   It affects your dexterity (+4).
   It protects you from fire.
   It affects your resistance to hostile enchantments.
   It lets you blink.
   It has a curse placed upon it.
 G - a +0 pair of boots (worn)
Jewellery
 n - a ring of flight (right hand)
 o - a ring of resist corrosion (left hand)
 p - an uncursed ring of fire
 t - an uncursed amulet of harm
Wands
 k - a wand of acid (10)
 F - a wand of disintegration (13)
Scrolls
 e - a scroll of amnesia
 j - 4 scrolls of remove curse
 E - 2 scrolls of fog
Potions
 i - 2 potions of haste {unknown}
 l - 2 potions of heal wounds
 m - 8 potions of curing
 s - a potion of invisibility {unknown}
 v - a potion of brilliance
 B - a potion of agility {unknown}
 D - a potion of flight
Books
 q - a book of Air

   Spells                             Type                      Level
   a - Shock                          Conjuration/Air              1
   b - Swiftness                      Charms/Air                   2
   c - Static Discharge               Conjuration/Air              3
   d - Airstrike                      Air                          4
   e - Lightning Bolt                 Conjuration/Air              5
Comestibles
 f - 16 rations


   Skills:
 + Level 5.8 Fighting
 - Level 12.0 Maces & Flails
 - Level 3.2 Armour
 + Level 10.5 Shields
 - Level 5.0 Invocations


You had 9 spell levels left.
You didn't know any spells.

Dungeon Overview and Level Annotations

Branches:
Dungeon (9/15)             Temple (0/1) D:7
   Lair: D:8-11         Orc: D:9-12

Altars:
Cheibriados
Fedhas
Hepliaklqana
Nemelex Xobeh
Ru
Uskayaw
Vehumet
Wu Jian
Zin

Shops:
D:7 (

Annotations:
D:3 Gargoyl's ghost, amateur CeAK


Message History

The slime creature is moderately wounded.
The slime creature hits you!
The slime creature hits you but does no damage.
You fail to use your ability.
You block the slime creature's attack. x2
The slime creature hits you!
Two slime creatures merge to form a large slime creature.
Unknown command.
Okay, then.
Unknown command.
You fail to use your ability.
The slime creature hits you but does no damage.
You block the slime creature's attack.
You fail to use your ability.
You block the slime creature's attack.
A large slime creature splits.
The slime creature hits you!
* * * LOW HITPOINT WARNING * * *
You fail to use your ability.
The slime creature barely misses you. You block the slime creature's attack.
The slime creature hits you.
* * * LOW HITPOINT WARNING * * *
The slime creature hits you!!
You die...

...............#............#...#
...............##############+###
########'#.....................##
#...#....#.....................#.
#..[#)...#..[..................#.
#...'....#.....................#.
'...#[...#.....................#.
#...#.)..#......JJ.............#.
#...#....#......@J....)........#.
#.<.#....#.......J.............#<
#.####...#.....................##
#.########.....#############.JJ..
.........#.....# #.J...
.......#####...# #.....
......##...##..# #.....
.....##.....##.# #.....
.....#.......#.# #.....


You could see 4 slime creatures.

Vanquished Creatures
  2 two-headed ogres
  A centaur skeleton (D:9)
  The ghost of Goboxel the Slasher, an amateur DsGl (D:8)
  A slime creature (D:8)
  A hippogriff (D:9)
  A human (D:9)
  The ghost of Gargoyl the Skirmisher, an amateur CeAK of Lugonu (D:4)
  2 sky beasts (D:6)
  2 ice beasts
  2 phantoms
  3 ogres
  A crocodile (Sewer)
  A bullfrog (D:6)
  A wyvern zombie (D:9)
  6 scorpions
  4 killer bees
  4 wights (D:9)
  3 howler monkeys
  2 crimson imps
  3 hounds
  4 jellies
  An orc priest (D:8)
  3 orc wizards (D:8)
  A bullfrog skeleton (D:4)
  4 iguanas
  4 worker ants
  3 worker ant zombies
  A gnoll (D:1)
  15 adders
  3 river rats (D:4)
  3 shadow imps
  4 oozes
  2 adder skeletons (D:4)
  3 worms
  4 dart slugs
  A leopard gecko (D:4)
  18 orcs
  5 bats
  7 giant cockroaches
  9 goblins
  6 hobgoblins
  8 jackals
  6 quokkas
  5 frilled lizards
  A giant cockroach zombie (D:6)
  8 kobolds
  3 leopard gecko skeletons
  11 rats
  A butterfly (D:7)
186 creatures vanquished.

Notes
Turn   | Place    | Note
-------+----------+-------------------------------------------
     0 | D:1      | Froggeryz the Hill Orc Fighter began the quest for the Orb.
     0 | D:1      | Reached XP level 1. HP: 19/19 MP: 1/1
    13 | D:1      | Reached XP level 2. HP: 21/26 MP: 2/2
    15 | D:1      | Reached skill level 3 in Maces & Flails
   137 | D:1      | Reached XP level 3. HP: 16/31 MP: 3/3
   296 | D:1      | Reached skill level 4 in Maces & Flails
   704 | D:2      | Reached XP level 4. HP: 39/39 MP: 4/4
   725 | D:2      | Found a faded altar of an unknown god.
   732 | D:2      | Became a worshipper of Cheibriados the Contemplative
   732 | D:2      | Reached * piety under Cheibriados
   876 | D:2      | Found a glowing silver altar of Zin.
   876 | D:2      | Found a snail-covered altar of Cheibriados.
   876 | D:2      | Found a hide-covered altar of Uskayaw.
   987 | D:2      | Reached skill level 5 in Maces & Flails
  1315 | D:3      | Found a sacrificial altar of Ru.
  1867 | D:3      | Noticed Gargoyl's ghost (amateur CeAK)
  2015 | D:4      | Reached ** piety under Cheibriados
  2043 | D:4      | Reached XP level 5. HP: 41/45 MP: 5/5
  2049 | D:4      | Noticed Gargoyl's ghost (amateur CeAK)
  2060 | D:4      | Killed Gargoyl's ghost
  2060 | D:4      | Reached skill level 7 in Maces & Flails
  2060 | D:4      | Reached XP level 6. HP: 22/51 MP: 2/6
  2174 | D:4      | Found a glowing drain.
  2187 | Sewer    | Entered a sewer
  2606 | D:4      | Reached skill level 8 in Maces & Flails
  2606 | D:4      | Reached XP level 7. HP: 50/57 MP: 7/7
  2716 | D:4      | Got a ruby-encrusted chain mail
  2752 | D:4      | Reached *** piety under Cheibriados
  2830 | D:4      | Identified the cursed +1 chain mail "Caapi" {+Blink rF+ MR- Dex+4} (You found it on level 4 of the Dungeon)
  3055 | D:5      | Entered Level 5 of the Dungeon
  3098 | D:5      | Reached skill level 9 in Maces & Flails
  3098 | D:5      | Reached skill level 5 in Shields
  3098 | D:5      | Reached XP level 8. HP: 64/64 MP: 8/8
  3397 | D:5      | Noticed a two-headed ogre
  3416 | D:5      | Killed a two-headed ogre
  3416 | D:5      | Reached skill level 10 in Maces & Flails
  3955 | D:5      | Found a sparkling altar of Nemelex Xobeh.
  4009 | D:6      | Reached XP level 9. HP: 70/70 MP: 9/9
  4090 | D:6      | Reached **** piety under Cheibriados
  4492 | D:6      | Reached skill level 11 in Maces & Flails
  4521 | D:6      | Found an ornate altar of the Wu Jian Council.
  4521 | D:6      | Found a radiant altar of Vehumet.
  4831 | D:7      | Found Joiwn's Weapon Boutique.
  4924 | D:7      | Found a hazy altar of Hepliaklqana.
  4936 | D:7      | Reached ***** piety under Cheibriados
  4983 | D:7      | Found a staircase to the Ecumenical Temple.
  5253 | D:8      | Reached skill level 1 in Invocations
  5416 | D:8      | Noticed Goboxel's ghost (amateur DsGl)
  5426 | D:8      | Found a blossoming altar of Fedhas.
  5726 | D:8      | Killed Goboxel's ghost
  6023 | D:8      | Noticed a two-headed ogre
  6034 | D:8      | Killed a two-headed ogre
  6034 | D:8      | Reached skill level 5 in Invocations
  6034 | D:8      | Reached XP level 10. HP: 68/77 MP: 11/13
  6370 | D:8      | You fall through a shaft!
  6393 | D:9      | Reached skill level 12 in Maces & Flails
  6456 | D:9      | Reached skill level 10 in Shields
  6498 | D:9      | Reached skill level 5 in Fighting
  6502 | D:9      | Noticed a death knight
  7080 | D:8      | Slain by a slime creature

Skill      XL: |  1  2  3  4  5  6  7  8  9 10 |
---------------+-------------------------------+-----
Maces & Flails | 3 4 5 7 8 9 10 11 12 | 12.0
Shields        | 5 7 9 10 | 10.5
Invocations    | 5 |  5.0
Fighting       | 5 |  5.8
Armour         | |  3.2

Action                   |  1- 3 |  4- 6 |  7- 9 | 10-12 || total
-------------------------+-------+-------+-------+-------++-------
Melee: Flail             |    92 |    59 |    70 |    51 ||   272
       Whip              |       |    98 |   335 |    88 ||   521
Invok: Bend Time         |       |     1 |       |       ||     1
Evoke: Wand              |       |       |     3 |       ||     3
  Use: Scroll            |       |     6 |     9 |     7 ||    22
       Potion            |       |     2 |     1 |     1 ||     4
  Eat: Chunk             |       |     3 |     6 |       ||     9
       Ration            |       |       |       |     1 ||     1
Armor: Scale mail        |    39 |    52 |   100 |    30 ||   221
Dodge: Dodged            |    38 |    32 |    72 |    26 ||   168
Block: Shield            |    45 |    72 |   184 |    74 ||   375
